 Dungeon Crawl Stone Soup version 0.18-a0-1685-g4482fe3 (webtiles) character file.

1743 Duffy the Blocker (level 9, -11/72 HPs)
             Began as a Formicid Wanderer on Apr 5, 2016.
             Was a Follower of Makhleb.
             Mangled by bl4d3's ghost (12 damage)
             ... on level 5 of the Dungeon.
             The game lasted 00:09:54 (6457 turns).

Duffy the Blocker (Formicid Wanderer)               Turns: 6457, Time: 00:09:55

Health: -11/72     AC: 11    Str: 18    XL:     9   Next: 26%
Magic:  12/12      EV:  6    Int: 10    God:    Makhleb [*.....]
Gold:   269        SH: 17    Dex: 14    Spells: 0 memorised, 8 levels left

rFire  . . .     SeeInvis +     q - +2 quarterstaff (chaos)
rCold  . . .     Gourm    .     x - +0 chain mail
rNeg   . . .     Faith    .     l - +0 large shield
rPois  .         Spirit   .     (helmet unavailable)
rElec  .         Dismiss  .     s - +2 cloak {+Inv}
rCorr  .         Reflect  .     (no gloves)
SustAt .         Harm     .     (no boots)
MR     .....                    (no amulet)
Stlth  ..........               (no ring)
                                (no ring)

@: very slightly contaminated, not resistant to hostile enchantments, extremely
unstealthy
A: permanent stasis, dig shafts and tunnels, four strong arms, antennae 3
a: Dig, Shaft Self, Renounce Religion, Evoke Invisibility


You were on level 5 of the Dungeon.
You worshipped Makhleb.
Makhleb was aware of your devotion.
You were not hungry.

You visited 1 branch of the dungeon, and saw 5 of its levels.

You collected 269 gold pieces.


Innate Abilities, Weirdness & Mutations

You are under a permanent stasis effect.
You can dig through walls and to a lower floor.
Your four strong arms can wield two-handed weapons with a shield.
You have a pair of large antennae on your head (SInv).


   Skills:
 - Level 7.5 Fighting
   Level 1.0 Short Blades
   Level 1.0 Bows
 - Level 1.7 Dodging
 - Level 1.2 Stealth
 + Level 10.3 Shields
 - Level 5.0 Evocations


You had 8 spell levels left.
You didn't know any spells.

Inventory:

Hand Weapons
 q - a +2 quarterstaff of chaos (weapon)
 y - a +0 blowgun
Missiles
 z - 18 poisoned needles
Armour
 a - a +2 leather armour
 l - a +0 large shield (worn)
 s - a +2 cloak of invisibility (worn)
 x - a +0 chain mail (worn)
Wands
 t - a wand of flame (40/48)
 w - a wand of random effects (31/48)
Scrolls
 g - 2 scrolls of magic mapping {unknown}
 h - a scroll of amnesia {unknown}
 i - a scroll of noise {unknown}
 k - 2 scrolls of recharging
 m - 2 scrolls of immolation {unknown}
 r - 2 scrolls of remove curse
 v - a scroll of random uselessness {unknown}
 B - a scroll of blinking {unknown}
 C - a scroll of enchant weapon {unknown}
 D - a scroll of fog {unknown}
Potions
 c - 3 potions of curing
 e - a potion of heal wounds
 f - a potion of flight
 u - a potion of resistance
 E - a potion of cancellation {unknown}
Books
 o - a book of Spatial Translocations
Comestibles
 d - 3 bread rations
 j - 2 fruits
 n - a beef jerky
 p - a slice of pizza

Dungeon Overview and Level Annotations

Branches:
Dungeon (5/15)             Temple (0/1) D:5

Altars:
Makhleb
Qazlal
Sif Muna
The Shining One

Annotations:
D:5 bl4d3's ghost, novice TrMo


Message History

Bl4d3's ghost is heavily damaged.
Bl4d3's ghost wails, "I have seen your future, and it is all used up."
You block bl4d3's ghost's attack.
Your chain mail prevents you from hitting bl4d3's ghost.
Bl4d3's ghost is heavily damaged.
Bl4d3's ghost hits you but does no damage.
You block bl4d3's ghost's attack.
You closely miss bl4d3's ghost.
Bl4d3's ghost is heavily damaged.
Bl4d3's ghost hits you.
You hit bl4d3's ghost. You freeze bl4d3's ghost.
Bl4d3's ghost is severely damaged.
You flicker for a moment.
You block bl4d3's ghost's attack.
You hit bl4d3's ghost.
Bl4d3's ghost seems to slow down.
Bl4d3's ghost is severely damaged.
Bl4d3's ghost is no longer moving slowly.
Bl4d3's ghost hits you!
You barely miss bl4d3's ghost.
Bl4d3's ghost is severely damaged.
Bl4d3's ghost hits you!! You block bl4d3's ghost's attack.
You are too injured to fight recklessly!
You are too injured to fight recklessly!
You are too injured to fight recklessly!
You closely miss bl4d3's ghost.
Bl4d3's ghost is severely damaged.
You block bl4d3's ghost's attack.
Your chain mail prevents you from hitting bl4d3's ghost.
Bl4d3's ghost is severely damaged.
You flicker back into view.
Bl4d3's ghost hits you!!
You hit bl4d3's ghost. You freeze bl4d3's ghost.
Bl4d3's ghost is severely damaged.
You block bl4d3's ghost's attack. Bl4d3's ghost hits you!
You die...

##...############.###.#.........#
#................###.###.......#
#..................#.# #.......#
##.#.###.######.###0#.# ##.######
.....#..............#.# #...#..%
##.#.##.#.#####.#####.######.#.##
.................................
.....##.#...####.####.######.#.##
.#.#.##.#...##..@W...............
.#...........##.#####.####...#.##
.#...##.............#...........#
.#...#####.#.##.###.########.#..#
.........#.#.##.##.........#.#..#
..#...##.#.#.#......###....#.#..#
......# #.#.#....#.##..........#
.....<# #.#.#<.....##.....#.#.##
##.......#.#.#########.....#.#.##


You could see bl4d3's ghost.

Action                   |  1- 3 |  4- 6 |  7- 9 || total
-------------------------+-------+-------+-------++-------
Melee: Short sword       |   109 |    40 |       ||   149
       Quarterstaff      |       |    64 |   294 ||   358
 Abil: Dig               |     1 |     7 |    11 ||    19
       Evoke Invisibilit |       |     1 |     1 ||     2
       Turn Visible      |       |       |     1 ||     1
  Use: Scroll            |       |     4 |     4 ||     8
       Potion            |       |     1 |       ||     1
 Stab: Sleeping          |     1 |       |       ||     1
       Invisible         |       |     1 |     1 ||     2
       Paralysed         |       |       |     4 ||     4
       Confused          |       |       |     2 ||     2
  Eat: Chunk             |     1 |     4 |    14 ||    19
       Fruit             |       |       |     2 ||     2

Notes
Turn   | Place    | Note
--------------------------------------------------------------
     0 | D:1      | Duffy the Formicid Wanderer began the quest for the Orb.
     0 | D:1      | Duffy set off with: a +2 leather armour, a +0 short sword, a potion of curing, a bread ration
     0 | D:1      | Reached XP level 1. HP: 20/20 MP: 1/1
   282 | D:1      | Reached XP level 2. HP: 23/26 MP: 2/2
   292 | D:1      | Reached skill level 5 in Fighting
   399 | D:1      | Reached XP level 3. HP: 26/33 MP: 3/3
  1090 | D:1      | Reached skill level 2 in Shields
  1157 | D:1      | Reached XP level 4. HP: 39/39 MP: 4/4
  1469 | D:2      | Found a deep blue altar of Sif Muna.
  1561 | D:2      | Noticed Crazy Yiuf
  1578 | D:2      | Killed Crazy Yiuf
  1578 | D:2      | Reached skill level 3 in Shields
  1725 | D:2      | Noticed Natasha
  1784 | D:2      | Reached XP level 5. HP: 44/44 MP: 5/5
  1806 | D:2      | Killed Natasha
  1806 | D:2      | Reached skill level 1 in Evocations
  1965 | D:2      | Reached skill level 4 in Shields
  2011 | D:2      | Noticed Natasha
  2024 | D:2      | Killed Natasha
  2035 | D:2      | Noticed Natasha
  2043 | D:2      | Killed Natasha
  2043 | D:2      | Reached skill level 2 in Evocations
  2128 | D:2      | Reached XP level 6. HP: 51/51 MP: 7/7
  2135 | D:2      | Noticed Terence
  2137 | D:2      | Noticed Sigmund
  2171 | D:1      | Killed Terence
  2283 | D:2      | Killed Sigmund
  2283 | D:2      | Reached skill level 5 in Shields
  2283 | D:2      | Reached skill level 3 in Evocations
  2283 | D:2      | Reached XP level 7. HP: 40/56 MP: 7/9
  2736 | D:3      | Reached skill level 4 in Evocations
  2798 | D:3      | Found a stormy altar of Qazlal.
  2992 | D:3      | Reached skill level 6 in Shields
  3163 | D:3      | Noticed a hippogriff
  3172 | D:3      | Killed a hippogriff
  3172 | D:3      | Reached skill level 5 in Evocations
  3934 | D:4      | Reached skill level 7 in Shields
  4315 | D:4      | Found a burning altar of Makhleb.
  4321 | D:4      | Found a glowing golden altar of the Shining One.
  4331 | D:4      | Became a worshipper of Makhleb the Destroyer
  4341 | D:4      | Reached XP level 8. HP: 63/63 MP: 11/11
  4522 | D:4      | Reached skill level 8 in Shields
  4715 | D:5      | Entered Level 5 of the Dungeon
  4733 | D:5      | Noticed Blork the orc
  4737 | D:5      | Killed Blork the orc
  4915 | D:5      | Noticed Dowan
  4916 | D:5      | Noticed Duvessa
  4953 | D:4      | Killed Duvessa
  4953 | D:4      | Reached skill level 9 in Shields
  4960 | D:4      | Killed Dowan
  5110 | D:5      | Noticed bl4d3's ghost (novice TrMo)
  5513 | D:5      | Reached skill level 10 in Shields
  5753 | D:5      | Reached skill level 6 in Fighting
  5753 | D:5      | Reached XP level 9. HP: 34/69 MP: 12/12
  6048 | D:5      | Reached skill level 7 in Fighting
  6057 | D:5      | Reached * piety under Makhleb
  6250 | D:5      | Found a staircase to the Ecumenical Temple.
  6457 | D:5      | Mangled by bl4d3's ghost

Vault maps used:
D:1:      ncdulo_smallfort
D:2:      lemuel_coloured_pillars_altar, uniq_crazy_yiuf_cottage, uniq_natasha,
          uniq_terence, uniq_sigmund
D:3:      eino_tiny_chamber, nrook_mini_vaults, nicolae_qazlal_general_emergency
D:4:      amethyst_overflow_temple_binary
D:5:      temple_green, first_bread, uniq_blork_the_orc, uniq_duvessa

Vanquished Creatures
  Sigmund
  A hippogriff Duvessa
  A phantom
  A sky beast
  2 ogres
  A centaur Blork the orc Dowan
  3 scorpions
  3 crimson imps
  A giant frog zombie
  A hound
  2 orc priests Crazy Yiuf
  An orc wizard
  A giant frog skeleton Natasha (thrice)
  Terence
  2 worker ants
  6 adders
  A shadow imp
  3 oozes
  3 worms
  4 dart slugs
  5 giant geckos
  11 orcs
  5 giant cockroaches
  7 hobgoblins
  9 jackals
  9 kobolds
  10 bats
  A giant cockroach zombie
  3 giant newts
  7 goblins
  2 quokka skeletons
  15 rats
130 creatures vanquished.
